[Event "*** SCC Grand Prix: Titled Tuesday Blitz"]
[Site "Chess.com"]
[Date "2020.10.13"]
[Round "1"]
[White "PotapovaM"]
[Black "MVM2008"]
[Result "1/2-1/2"]
[WhiteElo "2532"]
[BlackElo "2167"]
[TimeControl "180+1"]
[EndTime "10:09:11 PDT"]
[Termination "Game drawn by repetition"]

1. d4 Nf6 2. c4 g6 3. Nc3 Bg7 4. e4 d6 5. h3 a6 6. Be3 Nbd7 7.
Nf3 c5 8. d5 Qa5 9. Qd2 Rb8 10.
a4 O-O 11. Bd3 b5 12. cxb5 axb5 13. Nxb5 Qxd2+ 14. Nxd2 Ne5 15. Be2 c4 16. O-O Bd7 17. f4 Nd3 18. Nxc4 Nb4 19. Bd2 Nc2 20. Rac1 Bxb5 21.
axb5 Nd4 22. Bd3 Rxb5 23. Nxd6 Rxb2 24. Nc4 Rb3 25. Bc3 Nxe4 26. Bxe4 Rxc3 27. Rxc3 Ne2+ 28. Kf2 Nxc3 29. Bf3 Rd8 30. Re1 Kf8 31. Ne5 Nxd5 32. Nc6 Rd6 33. Bxd5 Rxd5 34. Nxe7 Rd2+ 35. Kg3 Bf6 36.
Nc6 Kg7 37. Re3 Rc2 38. Ne5 Bxe5 39. Rxe5 Rc3+ 40. Kh2 h5 41. Rd5 Rc4 42. Kg3 Rc3+ 43. Kf2 Rc2+ 44. Kf3 Kf6 45. Rd6+ Kg7 46. Rd3 Rc1 47.
g4 hxg4+ 48. hxg4 Rf1+ 49. Kg3 Rg1+ 50. Kf3 Rf1+ 51. Ke4 Rg1 52. g5 Re1+ 53. Kf3 Rf1+ 54. Ke4 Re1+ 55. Kd5 Rf1 56. Rd4 Ra1 57. Ke4 Re1+ 58.
Kd5 Ra1 59. Kd6 Ra6+ 60. Ke7 Ra7+ 61. Kd6 Ra6+ 62. Ke5 Re6+ 63. Kd5 Re1 64. Re4 Rd1+ 65. Ke5 Rd7 66. Rd4 Re7+ 67. Kd6 Re1 68. Rb4 Rd1+ 69. Ke5 Re1+ 70. Kd5 Rd1+ 71. Rd4 Ra1 1/2-1/2

[Event "*** SCC Grand Prix: Titled Tuesday Blitz"]
[Site "Chess.com"]
[Date "2020.10.13"]
[Round "1"]
[White "Yashasd1995"]
[Black "Samantha_Ross"]
[Result "1/2-1/2"]
[WhiteElo "2594"]
[BlackElo "2272"]
[TimeControl "180+1"]
[EndTime "10:09:22 PDT"]
[Termination "Game drawn by agreement"]

1. b3 c5 2. Bb2 Nf6 3. e3 g6 4. Bxf6 exf6 5. c4 d5 6. cxd5 Qxd5 7. Nc3 Qd6 8. Rc1 Nd7 9. Nf3 Bg7 10. Nb5 Qb8 11. d4 a6 12. Nc3 cxd4 13. Nxd4 O-O 14. Be2 Ne5 15. O-O Bd7 16. f4 Nc6 17. Bf3 Rd8 18. Nd5 f5 19. Nxc6 Bxc6 20. Ne7+ Kf8 21.
Nxc6 Rxd1 22. Nxb8 Rxf1+ 23. Kxf1 Rxb8 24. Rc7 Bf6 25. Bxb7 Bd8 26. Rd7 a5 27. Bd5 Be7 28. Ra7 Rd8 29.
Bc4 Rd2 30. Rxa5 Bb4 31. Ra7 Bc5 32. Rxf7+ Ke8 33. Rf6 Kd7 34. Re6 Rxa2 35. h3 Rc2 36. Re5 Kd6 37. g4 Rh2 38. gxf5 gxf5 39. Kg1 Rxh3 40. Kf2 h5 41. Bd3 Rh2+ 42. Kf3 Rh3+ 43. Kf2 Rh2+ 44. Kg3 Rb2 45. Bc4 Rb1 46. Kf2 Rb2+ 47.
Kf3 Rb1 48. Rxf5 Re1 49. Rd5+ Kc6 50. Re5 h4 51. Be6 Kd6 52. Bg4 Rf1+ 53. Kg2 Rb1 54. Kh3 Rxb3 55. Kxh4 Bxe3 56. Re6+ Kd5 57. f5 Bf4 58.
Kh5 Be5 59. Re8 Rb4 60. Rd8+ Bd6 61. f6 Ke5 62. f7 Rb5 63. Kg6 Rb6 64. Kg7 Ba3 65. Re8+ Kf4 66. Be6 Rb7 67. Kg8 Rb6 68.
Bd5 Rg6+ 69. Kh7 Rg5 70. Bc4 Kf5 71. Be6+ Kf6 72. f8=Q+ Bxf8 73. Rxf8+ Kxe6 74. Kh6 Rg1 75. Rf4 Kd6 76. Rf3 Rg2 77. Rf4 Rh2+ 78. Kg5 Rg2+ 79. Kf5 Ra2 80. Ke4 Ra4+ 81. Kf3 Ra3+ 82. Kg4 Ke5 83.
Rf5+ Ke6 84. Rf4 Ra1 85. Rf3 1/2-1/2

[Event "*** SCC Grand Prix: Titled Tuesday Blitz"]
[Site "Chess.com"]
[Date "2020.10.13"]
[Round "1"]
[White "UmarovSabir"]
[Black "RobertoJBM"]
[Result "0-1"]
[WhiteElo "2373"]
[BlackElo "2722"]
[TimeControl "180+1"]
[EndTime "10:09:23 PDT"]
[Termination "RobertoJBM won by checkmate"]

1. e4 c6 2. d4 d5 3. Bd3 dxe4 4. Bxe4 Nf6 5. Bf3 Bf5 6. Ne2 e6 7. O-O Be7 8. h3 h6 9. Nd2 Nbd7 10. Nc4 O-O 11. Bf4 Nb6 12. Ne5 Nfd7 13. Ng3 Bh7 14. Ne4 Nd5 15. Bh2 N5f6 16. Re1 Nxe4 17. Bxe4 Bxe4 18. Rxe4 Nf6 19. Re2 Qb6 20. c3 Rad8 21. Qb3 Rfe8 22. Rae1 Qxb3 23. axb3 Bd6 24. b4 Bxe5 25.
Bxe5 Nd5 26. Ra1 a6 27. g4 f6 28. Bg3 Kf7 29. Kg2 Rd7 30. Rae1 Nb6 31. h4 Nc8 32. h5 Rde7 33. f3 f5 34. Be5 Rd7 35. Kg3 Ne7 36. Rg1 Nd5 37. Reg2 fxg4 38. fxg4 Kg8 39. Rf1 Ne3 40. Re1 Nxg2 41. Kxg2 Rf7 42. Bg3 Kf8 43. Re2 Ke7 44. Re1 Kd7 45. Re2 Ref8 46. Re1 Rf3 47. Kh2 Rd3 48. Re2 Rff3 49. Be5 Rf7 50. Kg2 Rd1 51.
Rc2 Re1 52. Rd2 Re4 53. Kg3 Re3+ 54. Kg2 Ke7 55. Rc2 Kf8 56. Rd2 Kg8 57. Rc2 Re4 58. Kg3 Rf1 59. Rg2 Re3+ 60. Kh2 Ref3 61. Bg3 Rb1 62. Re2 Kf7 63. Kg2 Rff1 64. Be5 Rbe1 65. Rd2 Rg1+ 66. Kh2 Ref1 67. Kh3 Rf3+ 68. Kh4 Rh1+ 69.
Bh2 Ke7 70. Re2 Kd7 71. g5 hxg5+ 72. Kxg5 Rf6 73. Be5 Rf5+ 74. Kg6 Rhxh5 75. Kxg7 Rhg5+ 76.
Kh6 Rg1 77. Rh2 Rf7 78. Rh3 Rg2 79. b3 Rb2 80. Kg6 Re7 81. Bf6 Rg2+ 82. Kh5 Rh7# 0-1

[Event "*** SCC Grand Prix: Titled Tuesday Blitz"]
[Site "Chess.com"]
[Date "2020.10.13"]
[Round "1"]
[White "TotsukaBlade"]
[Black "Gabrielian_Artur"]
[Result "1/2-1/2"]
[WhiteElo "2431"]
[BlackElo "2796"]
[TimeControl "180+1"]
[EndTime "10:09:43 PDT"]
[Termination "Game drawn - insufficient material"]

1. e4 c5 2. Nf3 d6 3. Bb5+ Nd7 4.
Ba4 Nf6 5. O-O e6 6. Re1 Be7 7.
c3 a6 8. d4 b5 9. Bc2 e5 10.
Nbd2 O-O 11. Nf1 cxd4 12. cxd4 Bb7 13. Ng3 g6 14. Bh6 Re8 15. Qd2 Bf8 16. Rad1 Rc8 17. Bb3 exd4 18. Bxf8 Nxf8 19. Qxd4 Qe7 20. h3 Kg7 21. Qxd6 Qxd6 22. Rxd6 a5 23. Ng5 Re7 24. e5 N6d7 25. e6 Nc5 26. Nxf7 Nxb3 27. axb3 Rc6 28. Rxc6 Bxc6 29. Ng5 h6 30. Nf3 Bxf3 31.
gxf3 Nxe6 32. Re5 b4 33. Rxa5 Nd4 34. Kg2 Rb7 35. Ra6 Nxb3 36. Ne4 Nd4 37. Nd6 Re7 38.
Ne4 Nf5 39. Rb6 Nh4+ 40. Kg3 Nf5+ 41. Kg2 Nh4+ 42. Kg3 g5 43. Rxb4 Rf7 44. Rb3 Nf5+ 45.
Kg2 Nd4 46. Rd3 Ne2 47. Ra3 Nf4+ 48. Kg3 Rc7 49. b4 Rc1 50. b5 Rh1 51. Kg4 Kg6 52.
Ra6+ Kg7 53. b6 Rb1 54. Ra7+ Kg6 55. Ra6 h5+ 56. Kg3 Rg1+ 57. Kh2 Rb1 58. b7+ Kf5 59. Ra7 Ne6 60. Ra5+ Kf4 61. Nd2 Rxb7 62. Ra4+ Kf5 63. Ra5+ Kg6 64. Ne4 Rb6 65. Re5 Ra6 66. Rb5 Rc6 67.
Ra5 h4 68. Rd5 Rb6 69. Rd6 Kf5 70. Rxb6 Nd4 71. Rb8 Nxf3+ 72. Kg2 Ne1+ 73. Kf1 Nf3 74. Ke2 Nd4+ 75. Kd3 Ne6 76. Rb5+ Kf4 77. Nxg5 Nxg5 78.
Rb4+ Kf3 79. Rxh4 Kxf2 80. Rh5 Ne6 81. Ke4 Kg3 82. h4 Kg4 83. Rh8 Nc5+ 84. Ke5 Nd3+ 85. Kf6 Nf4 86. Kf7 Nh5 87. Kg6 Nf4+ 88. Kf6 Nh5+ 89.
Kg6 Nf4+ 90. Kf6 Nh5+ 91. Kf7 Nf4 92. Rg8+ Kxh4 93. Rh8+ Kg5 94. Rh5+ Kxh5 1/2-1/2

[Event "*** SCC Grand Prix: Titled Tuesday Blitz"]
[Site "Chess.com"]
[Date "2020.10.13"]
[Round "1"]
[White "PetrolulSah"]
[Black "PrinceMurad09"]
[Result "1/2-1/2"]
[WhiteElo "2177"]
[BlackElo "2535"]
[TimeControl "180+1"]
[EndTime "10:09:45 PDT"]
[Termination "Game drawn by 50-move rule"]

1. d4 Nf6 2. c4 c5 3. Nf3 cxd4 4. Nxd4 e5 5. Nb5 d5 6. cxd5 Bc5 7. g3 O-O 8. N5c3 e4 9. Bg2 Re8 10. O-O b6 11. Bg5 Nbd7 12. Nxe4 h6 13. Nxf6+ Nxf6 14. Bf4 Bb7 15. Nc3 Rc8 16. e4 Qd7 17. h3 b5 18. e5 Nh7 19. e6 fxe6 20. dxe6 Qxd1 21. Raxd1 Bxg2 22. Kxg2 b4 23. Ne4 Rxe6 24. Nxc5 Rxc5 25. Rd8+ Kf7 26. Rd7+ Re7 27. Rxe7+ Kxe7 28. Rd1 Rc2 29. Bd6+ Ke6 30. Bxb4 Rxb2 31. a3 Nf6 32. Bc3 Rb3 33.
Bxf6 gxf6 34. Ra1 a5 35. a4 h5 36. h4 Rb4 37. Ra3 f5 38. Kf3 Ke5 39. Ke3 f4+ 40.
Kf3 Kf5 41. Rc3 fxg3 42. Rc5+ Kg6 43. Rg5+ Kh6 44. Rxa5 gxf2 45. Ra6+ Kg7 46. Kxf2 Rxh4 47. a5 Ra4 48. Kg3 Kf7 49. Ra7+ Ke6 50. Ra8 Kd7 51.
a6 Kc7 52. a7 h4+ 53. Kh3 Kb7 54. Rh8 Kxa7 55. Rxh4 Ra3+ 56. Kg2 Kb6 57. Kf2 Kc5 58. Rh1 Kd4 59. Rd1+ Ke4 60. Re1+ Kf4 61. Rb1 Ra2+ 62. Kf1 Ra4 63. Rb3 Ke4 64. Rc3 Rb4 65. Rh3 Rb1+ 66. Kf2 Rb2+ 67. Kg3 Re2 68. Kg4 Rg2+ 69. Rg3 Rf2 70. Kg5 Rf8 71. Rh3 Rg8+ 72. Kf6 Rf8+ 73. Ke7 Rf4 74. Rh1 Rg4 75. Ra1 Kd5 76. Rd1+ Kc6 77.
Rc1+ Kb5 78. Rb1+ Kc4 79. Rc1+ Kd5 80. Rd1+ Ke5 81. Re1+ Kf5 82. Rf1+ Kg6 83. Re1 Rd4 84. Re2 Rd3 85. Rg2+ Kf5 86. Rf2+ Ke5 87. Re2+ Kd5 88.
Re1 Rd2 89. Re3 Rd4 90. Re1 Rd3 91. Kf6 Rf3+ 92. Kg5 Rf2 93. Kg4 Rf7 94. Kg3 Rg7+ 95. Kf4 Rf7+ 96. Kg5 Rf3 97. Kg4 Rd3 98. Kf4 Rd2 99.
Ke3 Rd4 100. Kf3 Kd6 101. Ke3 Rd5 102. Kf2 Rf5+ 103. Kg3 Kd5 104. Kg4 Rf2 105. Rd1+ 1/2-1/2

[Event "*** SCC Grand Prix: Titled Tuesday Blitz"]
[Site "Chess.com"]
[Date "2020.10.13"]
[Round "1"]
[White "Chessalary"]
[Black "Tayson_7"]
[Result "0-1"]
[WhiteElo "2267"]
[BlackElo "2602"]
[TimeControl "180+1"]
[EndTime "10:09:50 PDT"]
[Termination "Tayson_7 won by resignation"]

1. d4 d5 2. c4 e6 3. Nc3 c6 4. e3 Nf6 5. Nf3 Bd6 6. Bd3 O-O 7.
e4 dxe4 8. Nxe4 Nxe4 9. Bxe4 Nd7 10. O-O Nf6 11. Bc2 c5 12. b3 b6 13. Bb2 Bb7 14.
Ne5 cxd4 15. Bxd4 Qc7 16. f4 Rad8 17. Qe2 Bc5 18. Bxc5 Qxc5+ 19. Kh1 Rd4 20. Rad1 Rfd8 21. Rxd4 Rxd4 22. Rd1 Qd6 23. Rxd4 Qxd4 24. Qd1 Qxd1+ 25. Bxd1 Kf8 26. Kg1 Ke7 27. Bc2 Ne4 28. g3 f6 29.
Nd3 Kd6 30. Kf1 Nc3 31. a3 Be4 32. Kf2 Bf5 33. Ke3 h5 34. Nb4 Bxc2 35. Nxc2 f5 36. Nd4 a6 37. a4 g6 38. Nf3 Ne4 39. Ne5 Nc5 40. b4 Nxa4 41. Nxg6 a5 42. bxa5 bxa5 43. Kd4 Nc5 44. Ne5 a4 45. Kc3 a3 46. Nf7+ Ke7 47.
Ne5 Kf6 48. Nc6 Ne4+ 49. Kb3 Nd2+ 50. Kxa3 Nxc4+ 51. Kb4 Ne3 52. Nd4 h4 53. Nf3 hxg3 54. hxg3 Nf1 55. Kc3 Nxg3 56. Kd4 Ne2+ 57. Ke3 Nc3 58.
Ne5 Nd5+ 59. Kf3 Ke7 60. Nc6+ Kd6 61. Ne5 Ne7 62. Nf7+ Kd5 63. Ne5 Nc8 64. Nf7 Na7 65. Ne5 Nb5 66. Ke3 Nd4 67. Ng6 Nc6 68. Kd3 Kd6 69. Kc4 Ne7 70. Ne5 Nd5 71. Nf7+ Ke7 72. Ne5 Nxf4 73. Kd4 Nd5 74. Nc6+ Kd6 75. Ne5 Nf6 76.
Nc4+ Ke7 77. Ke5 Nd7+ 78. Kf4 Kf6 79. Ne3 e5+ 80. Kf3 Ke6 81. Nc4 Nf6 82. Ne3 Nd5 83. Nc4 e4+ 84. Ke2 f4 85. Nd2 Kf5 86. Nc4 f3+ 87. Kf2 Kf4 88. Nd6 e3+ 89. Kf1 Nc3 90. Nc4 Ne4 0-1

[Event "*** SCC Grand Prix: Titled Tuesday Blitz"]
[Site "Chess.com"]
[Date "2020.10.13"]
[Round "2"]
[White "nobodyperfect13"]
[Black "PlotnikovPavel"]
[Result "0-1"]
[WhiteElo "2043"]
[BlackElo "2381"]
[TimeControl "180+1"]
[EndTime "10:11:55 PDT"]
[Termination "PlotnikovPavel won by resignation"]

1. c4 e5 2. Nc3 d6 3. g3 f5 4. Bg2 Nf6 5. d3 Be7 6. e4 O-O 7. Nge2 c6 8. O-O Qe8 9. f3 Qg6 10. Be3 Nh5 11. Bf2 f4 12. g4 Nf6 13. h3 h5 14. b4 hxg4 15. hxg4 Nh7 16. a4 Ng5 17. b5 Bxg4 18. fxg4 f3 0-1

[Event "*** SCC Grand Prix: Titled Tuesday Blitz"]
[Site "Chess.com"]
[Date "2020.10.13"]
[Round "2"]
[White "banane_verte"]
[Black "DonBroca"]
[Result "1-0"]
[WhiteElo "2434"]
[BlackElo "2206"]
[TimeControl "180+1"]
[EndTime "10:12:19 PDT"]
[Termination "banane_verte won by checkmate"]

1. e4 c5 2. Nc3 g6 3. g3 Bg7 4. Bg2 Nc6 5. d3 e6 6. Be3 d6 7. Nge2 Nge7 8. Qd2 O-O 9. Bh6 b6 10.
h4 Bb7 11. h5 Nd4 12. Bxg7 Kxg7 13. hxg6 hxg6 14. Qh6+ Kf6 15. e5+ dxe5 16. Bxb7 Rb8 17. Ne4+ Kf5 18. Qg5# 1-0

[Event "*** SCC Grand Prix: Titled Tuesday Blitz"]
[Site "Chess.com"]
[Date "2020.10.13"]
[Round "2"]
[White "As0nchess"]
[Black "ZverevLev"]
[Result "1-0"]
[WhiteElo "2616"]
[BlackElo "2317"]
[TimeControl "180+1"]
[EndTime "10:12:35 PDT"]
[Termination "As0nchess won by resignation"]

1. e4 c5 2. Nf3 d6 3. d4 cxd4 4. Nxd4 Nf6 5. Nc3 a6 6. f3 e5 7.
Nb3 Be7 8. Be3 O-O 9. Qd2 Nc6 10. g4 b5 11. g5 Nd7 12. Nd5 Bb7 13. O-O-O Rc8 14.
Nxe7+ Qxe7 15. Qxd6 Qxd6 16. Rxd6 Rfd8 17. Bh3 Ncb8 18.
Rhd1 Bc6 19. Na5 Bxe4 20. fxe4 1-0

[Event "*** SCC Grand Prix: Titled Tuesday Blitz"]
[Site "Chess.com"]
[Date "2020.10.13"]
[Round "2"]
[White "MFBerna"]
[Black "AntonovaNadezhda"]
[Result "1-0"]
[WhiteElo "2387"]
[BlackElo "2078"]
[TimeControl "180+1"]
[EndTime "10:12:50 PDT"]
[Termination "MFBerna won by resignation"]

1. e4 c5 2. Nf3 d6 3. d4 cxd4 4. Qxd4 Nf6 5. Nc3 e5 6. Bb5+ Nbd7 7. Qd3 a6 8. Bxd7+ Bxd7 9. Bg5 Be7 10. Bxf6 gxf6 11.
Nd5 Be6 12. O-O-O Rc8 13. Kb1 Rc6 14. Nh4 O-O 15. g4 Kh8 16. Nf5 Bxf5 17. gxf5 Qd7 18.
Rhg1 Bd8 19. Qg3 1-0

[Event "*** SCC Grand Prix: Titled Tuesday Blitz"]
[Site "Chess.com"]
[Date "2020.10.13"]
[Round "2"]
[White "AsaHoffmann"]
[Black "731291"]
[Result "0-1"]
[WhiteElo "2329"]
[BlackElo "2641"]
[TimeControl "180+1"]
[EndTime "10:13:00 PDT"]
[Termination "731291 won by resignation"]

1. d4 Nf6 2. Bg5 g6 3. Nc3 d5 4. f3 c5 5. e4 dxe4 6. dxc5 Qa5 7. Bxf6 exf6 8. fxe4 Bxc5 9. Bb5+ Nc6 10. Qd5 Qb6 11.
Nf3 O-O 12. Bxc6 Bf2+ 13. Kf1 bxc6 14. Qb3 Qe3 15. Nd5 cxd5 16. Qxe3 Bxe3 17. exd5 Ba6+ 0-1

[Event "*** SCC Grand Prix: Titled Tuesday Blitz"]
[Site "Chess.com"]
[Date "2020.10.13"]
[Round "2"]
[White "Gusarov91"]
[Black "PSvidler"]
[Result "0-1"]
[WhiteElo "2576"]
[BlackElo "2902"]
[TimeControl "180+1"]
[EndTime "10:13:03 PDT"]
[Termination "PSvidler won by resignation"]

1. e4 c5 2. Nf3 e6 3. b3 a6 4. Bb2 Nc6 5. a4 Nf6 6. e5 Nd5 7. Nc3 Nxc3 8. Bxc3 b6 9. Bd3 Bb7 10.
Qe2 Qc7 11. O-O Be7 12. Rfe1 h6 13. Be4 Nd8 14. Bxb7 Qxb7 15. d3 Nc6 16. Nd2 O-O 17. Ne4 Nd4 18. Bxd4 cxd4 19. Qg4 Kh8 20. Nd6 Bxd6 21.
exd6 Qd5 22. Re4 f5 0-1

[Event "*** SCC Grand Prix: Titled Tuesday Blitz"]
[Site "Chess.com"]
[Date "2020.10.13"]
[Round "2"]
[White "ENajer77"]
[Black "CarlssonLudvig"]
[Result "1-0"]
[WhiteElo "2706"]
[BlackElo "2470"]
[TimeControl "180+1"]
[EndTime "10:13:12 PDT"]
[Termination "ENajer77 won by resignation"]

1. e4 e5 2. Nf3 Nc6 3. Bb5 a6 4. Ba4 Nf6 5. O-O Be7 6. d3 b5 7. Bb3 d6 8. a4 Bb7 9. Nbd2 O-O 10. Re1 Nd7 11. Nf1 Nc5 12. axb5 axb5 13. Rxa8 Qxa8 14. Bd5 Qa1 15. Ng3 Ra8 16. Nf5 Bf8 17. Ng5 Nd8 18.
Qh5 1-0

[Event "*** SCC Grand Prix: Titled Tuesday Blitz"]
[Site "Chess.com"]
[Date "2020.10.13"]
[Round "2"]
[White "starworld123"]
[Black "chenxiaoyuer"]
[Result "0-1"]
[WhiteElo "2719"]
[BlackElo "2522"]
[TimeControl "180+1"]
[EndTime "10:13:15 PDT"]
[Termination "chenxiaoyuer won by checkmate"]

1. Nf3 Nf6 2. c4 g6 3. Nc3 Bg7 4. g3 O-O 5. Bg2 d6 6. d4 Nc6 7.
O-O Bg4 8. d5 Na5 9. Nd2 c5 10.
Qc2 a6 11. b3 b5 12. Bb2 Rb8 13. Rab1 e5 14. e4 Nh5 15. h3 Bd7 16. Nd1 f5 17. exf5 gxf5 18. Bc3 b4 19. Bb2 f4 20. g4 f3 21. Bxf3 Nf4 22. Bg2 Bxg4 23. hxg4 Ne2+ 24.
Kh2 Qh4+ 25. Bh3 Nf4 26. Ne3 Qxh3+ 27. Kg1 Ne2# 0-1

[Event "*** SCC Grand Prix: Titled Tuesday Blitz"]
[Site "Chess.com"]
[Date "2020.10.13"]
[Round "2"]
[White "BeanScreen"]
[Black "kintoho"]
[Result "1-0"]
[WhiteElo "2742"]
[BlackElo "2509"]
[TimeControl "180+1"]
[EndTime "10:13:26 PDT"]
[Termination "BeanScreen won by resignation"]

1. e4 c6 2. d4 d5 3. exd5 cxd5 4.
Bd3 Nc6 5. c3 Nf6 6. Bf4 Bg4 7.
Qb3 Qb6 8. Nd2 Qxb3 9. axb3 a6 10. b4 Rc8 11. Ngf3 e6 12. b5 axb5 13. Bxb5 Be7 14.
Ra7 O-O 15. Rxb7 Bd8 16. Bd6 Re8 17. Ne5 Nxe5 18. dxe5 Bc7 19. Bxc7 Re7 20. exf6 Rexc7 21. Rxc7 Rxc7 22. fxg7 Rb7 23. Be2 Bxe2 24. Kxe2 Rxb2 25. Rb1 Ra2 26. Ke3 Kxg7 27. c4 dxc4 28. Nxc4 Rc2 29.
Ne5 Kf6 30. Nd3 Kg6 31. Rb7 f6 32.
Nf4+ Kf5 33. Rxh7 e5 34. Rh5+ 1-0

[Event "*** SCC Grand Prix: Titled Tuesday Blitz"]
[Site "Chess.com"]
[Date "2020.10.13"]
[Round "2"]
[White "Savagelittlemole"]
[Black "AlexeiShirov"]
[Result "0-1"]
[WhiteElo "2564"]
[BlackElo "2849"]
[TimeControl "180+1"]
[EndTime "10:13:27 PDT"]
[Termination "AlexeiShirov won by resignation"]

1. e4 e5 2. Nf3 Nc6 3. Bc4 Nf6 4. d3 h6 5. c3 g5 6. a4 g4 7. Nfd2 d5 8. Ba2 Be6 9. Qe2 Qd7 10. exd5 Nxd5 11.
Bxd5 Qxd5 12. Qe4 O-O-O 13. Qxd5 Rxd5 14. Ke2 Bg7 15. Rd1 Rhd8 16. Nc4 Rxd3 17. Rxd3 Bxc4 0-1

[Event "*** SCC Grand Prix: Titled Tuesday Blitz"]
[Site "Chess.com"]
[Date "2020.10.13"]
[Round "2"]
[White "Slovak_fighter2000"]
[Black "ElMosho7u7r"]
[Result "1-0"]
[WhiteElo "2407"]
[BlackElo "2153"]
[TimeControl "180+1"]
[EndTime "10:13:36 PDT"]
[Termination "Slovak_fighter2000 won by resignation"]

1. Nf3 d5 2. g3 Nf6 3. Bg2 Bf5 4.
O-O h6 5. d3 e6 6. c4 c6 7. Qb3 Qb6 8. cxd5 exd5 9. Qc2 Be7 10. Nc3 Nbd7 11. e4 Be6 12. Be3 Qd8 13. Nd4 Ng4 14.
exd5 cxd5 15. Nxd5 Rc8 16. Qe2 Nxe3 17. fxe3 Bc5 18.
Nxe6 1-0

[Event "*** SCC Grand Prix: Titled Tuesday Blitz"]
[Site "Chess.com"]
[Date "2020.10.13"]
[Round "2"]
[White "ViktoriyaTarasova"]
[Black "BanjoKazooieN64"]
[Result "0-1"]
[WhiteElo "2256"]
[BlackElo "2474"]
[TimeControl "180+1"]
[EndTime "10:13:50 PDT"]
[Termination "BanjoKazooieN64 won by resignation"]

1. d4 Nf6 2. c4 g6 3. Nc3 Bg7 4. e4 d6 5. h3 O-O 6. Be3 c5 7. d5 Qa5 8. Bd2 a6 9. a4 Qc7 10. Bd3 Nbd7 11. Nf3 Rb8 12. O-O Nh5 13. g4 Nhf6 14. Kg2 h5 15. g5 Nh7 16. Nh2 Ne5 17.
Be2 Qd7 18. f4 Qxh3+ 19. Kh1 Ng4 20. Bxg4 hxg4 21. Kg1 Bd4+ 22. Kh1 g3 0-1

[Event "*** SCC Grand Prix: Titled Tuesday Blitz"]
[Site "Chess.com"]
[Date "2020.10.13"]
[Round "2"]
[White "MF1966Idrisov"]
[Black "bocah_sakit"]
[Result "0-1"]
[WhiteElo "2351"]
[BlackElo "2873"]
[TimeControl "180+1"]
[EndTime "10:13:57 PDT"]
[Termination "bocah_sakit won by resignation"]

1. Nf3 Nf6 2. b3 g6 3. Bb2 Bg7 4. c4 O-O 5. g3 d6 6. d4 e5 7.
dxe5 Nfd7 8. Bg2 dxe5 9. Nfd2 a5 10. Nc3 Na6 11. O-O c6 12. Nde4 Ndc5 13. Nxc5 Nxc5 14. Ba3 Qb6 15. Qd6 Ne6 16. Na4 Qa7 17. Rad1 Re8 18.
c5 Nd4 19. e3 Nb5 20. Qc7 Nxc7 0-1

[Event "*** SCC Grand Prix: Titled Tuesday Blitz"]
[Site "Chess.com"]
[Date "2020.10.13"]
[Round "2"]
[White "Maksimus1998"]
[Black "ChessWarrior7197"]
[Result "0-1"]
[WhiteElo "2616"]
[BlackElo "3030"]
[TimeControl "180+1"]
[EndTime "10:14:20 PDT"]
[Termination "ChessWarrior7197 won by resignation"]

1. d4 d5 2. Bf4 Nf6 3. e3 c5 4. c3 Nc6 5. Nd2 Bf5 6. Ngf3 Qb6 7. Qb3 c4 8. Qxb6 axb6 9. a3 b5 10. Rc1 h6 11. h3 e6 12. Be2 Nd7 13. O-O Nb6 14. Bd1 Bd3 15. Re1 f5 16. Ne5 Nxe5 17. Bxe5 Kd7 18. f3 Ra6 19. e4 Na4 20. Bxa4 bxa4 21. exd5 exd5 22. Nf1 Rb6 23. Ne3 Rxb2 24. Nxd5 Bxa3 25. Ra1 Rb3 26. Bxg7 Rd8 27. Nb6+ Rxb6 28. Rxa3 Ra6 29. d5 b5 30. Raa1 a3 31. Bd4 a2 32.
Re6 Rda8 33. Rxa6 Rxa6 34. Bc5 Bb1 35. Kf2 f4 36. g3 fxg3+ 37. Kxg3 Rg6+ 38. Kf2 Rg5 0-1

[Event "*** SCC Grand Prix: Titled Tuesday Blitz"]
[Site "Chess.com"]
[Date "2020.10.13"]
[Round "2"]
[White "Kaua18"]
[Black "xamax2000"]
[Result "0-1"]
[WhiteElo "2338"]
[BlackElo "2672"]
[TimeControl "180+1"]
[EndTime "10:14:29 PDT"]
[Termination "xamax2000 won by resignation"]

1. e4 c5 2. Nf3 d6 3. d4 cxd4 4. Nxd4 Nf6 5. Nc3 g6 6. Be3 a6 7. f3 b5 8. Qd2 Bb7 9. O-O-O Nbd7 10. Kb1 Nb6 11. h4 h5 12. Bg5 Bg7 13. Nb3 Rc8 14. Na5 Ba8 15. Qe3 Qc7 16. a3 Nfd7 17. e5 Nxe5 18.
f4 Ng4 19. Nxb5 Nxe3 20. Nxc7+ Rxc7 21. Re1 Nxf1 22. Rhxf1 f6 0-1

[Event "*** SCC Grand Prix: Titled Tuesday Blitz"]
[Site "Chess.com"]
[Date "2020.10.13"]
[Round "2"]
[White "romulocardoso"]
[Black "PotapovaM"]
[Result "0-1"]
[WhiteElo "2073"]
[BlackElo "2533"]
[TimeControl "180+1"]
[EndTime "10:14:30 PDT"]
[Termination "PotapovaM won by checkmate"]

1. e4 c5 2. Nf3 d6 3. d4 cxd4 4. Nxd4 Nf6 5. Nc3 a6 6. Be2 e5 7. Nb3 Be7 8. O-O O-O 9. Kh1 Nc6 10. f4 b5 11. f5 Bb7 12. Bf3 a5 13. g4 a4 14. Nd2 b4 15. Nd5 Nxd5 16. exd5 Nd4 17. Bg2 Ra5 18. c4 bxc3 19. bxc3 Nb5 20. Nc4 Nxc3 21.
Qd2 Rc5 22. Qxc3 Ba6 23. g5 Bxc4 24. Be3 Bxf1 25. Bxc5 Bxg2+ 26. Kxg2 dxc5 27. h4 Qxd5+ 28. Kh3 Qd4 29. Qg3 Qxa1 30. f6 Qh1+ 31. Kg4 Qe4+ 32. Kh5 g6+ 33. Kh6 Bd6 34. a3 Rd8 35. h5 Bf8# 0-1

[Event "*** SCC Grand Prix: Titled Tuesday Blitz"]
[Site "Chess.com"]
[Date "2020.10.13"]
[Round "2"]
[White "KatarinaOstojic"]
[Black "PavelShkapenko"]
[Result "0-1"]
[WhiteElo "2332"]
[BlackElo "2707"]
[TimeControl "180+1"]
[EndTime "10:14:30 PDT"]
[Termination "PavelShkapenko won by resignation"]

1. d4 Nf6 2. Nf3 e6 3. c4 Bb4+ 4. Bd2 Qe7 5. a3 Bxd2+ 6. Nbxd2 d6 7. e4 e5 8. d5 O-O 9. Be2 a5 10. O-O a4 11. b4 axb3 12. Qxb3 Na6 13. Ne1 Nc5 14. Qc2 Nfd7 15. Nd3 Nxd3 16. Bxd3 Nc5 17. f3 Bd7 18. Be2 Ra7 19. Qc3 f5 20. Qe3 b6 21.
Nb3 Nxb3 22. Qxb3 Qg5 23. Qd3 Rf6 24. Kh1 Rh6 25. exf5 Bxf5 26. Qd1 Qg3 27. Kg1 Rxh2 28. Rf2 Qh4 0-1

[Event "*** SCC Grand Prix: Titled Tuesday Blitz"]
[Site "Chess.com"]
[Date "2020.10.13"]
[Round "2"]
[White "TST2014"]
[Black "tk22h"]
[Result "1/2-1/2"]
[WhiteElo "2540"]
[BlackElo "2313"]
[TimeControl "180+1"]
[EndTime "10:14:31 PDT"]
[Termination "Game drawn by repetition"]

1. d4 Nf6 2. c4 g6 3. Nc3 d5 4. cxd5 Nxd5 5. e4 Nxc3 6. bxc3 Bg7 7. Be3 c5 8. Qd2 O-O 9. h4 h5 10. Nf3 Qa5 11. Rb1 cxd4 12. cxd4 Qxd2+ 13. Kxd2 b6 14. Rc1 Bb7 15. Bd3 Na6 16. a3 Rac8 17. Bg5 e6 18. Ke3 Rxc1 19. Rxc1 Rc8 20. Rxc8+ Bxc8 21. Be7 Bf8 22.
Bxf8 Kxf8 23. Kf4 Ke7 24. Kg5 Nc7 25. Kh6 Ba6 26. Bxa6 Nxa6 27. Kg7 Nc7 28. Ng5 Ne8+ 29. Kg8 Nf6+ 30. Kg7 Ne8+ 31. Kh7 Nf6+ 32. Kh6 Ng4+ 33. Kg7 Nxf2 34. e5 b5 35. Nxf7 a5 36. Nd6 b4 37.
axb4 axb4 38. Kxg6 b3 39. Nc4 Nd3 40. Kxh5 b2 41. Nd2 Kf7 42. Kg5 Nf2 43. Nb1 Kg7 44. g4 Nh3+ 45. Kh5 Nf4+ 46. Kg5 Nh3+ 47. Kh5 Nf4+ 48.
Kg5 Nh3+ 1/2-1/2

[Event "*** SCC Grand Prix: Titled Tuesday Blitz"]
[Site "Chess.com"]
[Date "2020.10.13"]
[Round "2"]
[White "shriyanasmallya"]
[Black "Jungle_Jaguar"]
[Result "0-1"]
[WhiteElo "1603"]
[BlackElo "2630"]
[TimeControl "180+1"]
[EndTime "10:14:33 PDT"]
[Termination "Jungle_Jaguar won by resignation"]

1. e4 c5 2. Nc3 d6 3. f4 Nf6 4. Nf3 g6 5. Bb5+ Nc6 6. O-O Bg7 7. d3 O-O 8. Qe1 Nd4 9. Nxd4 cxd4 10. Nd5 Nxd5 11. exd5 a6 12. Ba4 b5 13. Bb3 Bf5 14.
Bd2 Qd7 15. a4 h5 16. axb5 axb5 17. Qg3 Kh7 18. h3 Bf6 19. Qf3 Rfc8 20. Kf2 h4 21. g4 hxg3+ 22. Qxg3 Kg7 23. h4 Rh8 24. Rxa8 Bxh4 25.
Rxh8 Bxg3+ 26. Kxg3 Kxh8 27. Rh1+ Kg7 28. c3 Bxd3 29.
cxd4 Be2 30. Bc3 Qg4+ 31. Kf2 Qf3+ 32. Ke1 Qxh1+ 33. Kxe2 Qh2+ 34. Kd3 Qxf4 35. Bd2 Qf3+ 36. Kc2 f5 37. Ba2 f4 38. Bb1 g5 39. b3 g4 40. Kb2 g3 41. Bf5 g2 0-1